 Dungeon Crawl Stone Soup version 0.21.1 (webtiles) character file.

199 Zhenya24pyc the Cudgeler (level 5, -9/34 HPs)
             Began as a Gargoyle Fighter on Feb 2, 2018.
             Mangled by an ogre
             ... wielding a +0 giant club
              (20 damage)
             ... on level 4 of the Dungeon.
             The game lasted 00:03:31 (2371 turns).

Zhenya24pyc the Cudgeler (Gargoyle Fighter)         Turns: 2371, Time: 00:03:31

Health: -9/34      AC: 10    Str: 21    XL:     5   Next: 77%
Magic:  5/5        EV:  5    Int: 15    God:
Gold:   198        SH: 13    Dex:  9    Spells: 4/4 levels left

rFire    . . .     SeeInvis .   a - +0 flail
rCold    . . .     Gourm    .   l - +0 large shield
rNeg     + . .     Faith    .   b - +0 scale mail
rPois    ∞         Spirit   .   (no helmet)
rElec    +         Reflect  .   (no cloak)
rCorr    .         Harm     .   (no gloves)
MR       .....                  (no boots)
Stlth    ..........             (no amulet)
HPRegen  0.11/turn              g - +2 ring of intelligence
MPRegen  0.09/turn              j - +5 ring of intelligence

@: no status effects
A: negative energy resistance 1, electricity resistance, unbreathing,
petrification resistance, rot immunity, AC +4
a: no special abilities


You were on level 4 of the Dungeon.
You were hungry.

You visited 1 branch of the dungeon, and saw 4 of its levels.

You collected 198 gold pieces.

Inventory:

Hand Weapons
 a - a +0 flail (weapon)
Armour
 b - a +0 scale mail (worn)
 l - a +0 large shield (worn)
Jewellery
 g - a +2 ring of intelligence (left hand)
 j - a +5 ring of intelligence (right hand)
Scrolls
 e - 6 scrolls of identify {unknown}
 h - 2 scrolls of teleportation {unknown}
 i - 2 scrolls of remove curse {unknown}
Potions
 c - a potion of berserk rage {unknown}
 d - a potion of might
 k - a potion of agility {unknown}
Comestibles
 f - 6 rations


   Skills:
 + Level 4.7 Fighting
 * Level 4.9 Maces & Flails
 - Level 3.2 Armour
 - Level 3.2 Shields


You had 4 spell levels left.
You didn't know any spells.

Dungeon Overview and Level Annotations

Branches:
Dungeon (4/15)
 Temple: D:4-7

Altars:
Elyvilon
Nemelex Xobeh
Vehumet
Xom


Innate Abilities, Weirdness & Mutations

You are resistant to torment.
Your stone body is resilient. (AC +4)
You are immune to poison.
You resist negative energy. (rN+)
You are resistant to electric shocks. (rElec)
You can survive without breathing.
You are immune to petrification.
You are immune to rotting.


Message History

You are too injured to fight recklessly!
You are too injured to fight recklessly!
You are too injured to fight recklessly!
You are too injured to fight recklessly!
Your shield and scale mail prevent you from hitting the ogre.
The ogre is lightly wounded.
The ogre barely misses you.
You are feeling hungry.
You thump the ogre!
The ogre is moderately wounded.
The ogre hits you with a giant club.
* * * LOW HITPOINT WARNING * * *
You closely miss the ogre.
The ogre is moderately wounded.
You block the ogre's attack.
You sock the ogre!
The ogre is severely wounded.
The ogre hits you with a giant club!!
Ouch! That really hurt!
You die...

#.## .# ... .#
#.. <.# .. ..+
###.##)..#
####.!..#...#
.......O....#
#@##..# #.....#
#.##..... #..#
#.#. ##.###.#
#..##.# ######
##.##.# ##....##
#..#.# #......#
###.#.####......#


You could see an ogre.

Vanquished Creatures
  An orc wizard (D:3)
  The ghost of letownia2 the Charlatan, a weakling FoAr (D:3)
  3 adders (D:2)
  5 oozes
  5 worms
  2 dart slugs
  A leopard gecko (D:1)
  2 orcs (D:3)
  4 bats
  8 giant cockroaches
  6 goblins
  2 hobgoblins (D:1)
  3 jackals (D:1)
  6 kobolds
  A quokka (D:2)
  2 ball pythons (D:1)
  3 frilled lizards
  20 rats
75 creatures vanquished.

Vanquished Creatures (others)
  An orc wizard (D:3)
1 creature vanquished.

Grand Total: 76 creatures vanquished

Notes
Turn   | Place    | Note
-------+----------+-------------------------------------------
     0 | D:1      | Zhenya24pyc the Gargoyle Fighter began the quest for the Orb.
     0 | D:1      | Reached XP level 1. HP: 14/14 MP: 1/1
     1 | D:1      | Found a runed door.
    70 | D:1      | Reached XP level 2. HP: 19/19 MP: 2/2
   432 | D:1      | Reached XP level 3. HP: 24/24 MP: 3/3
   746 | D:1      | Reached XP level 4. HP: 15/29 MP: 4/4
   991 | D:2      | Found a sparkling altar of Nemelex Xobeh.
  1289 | D:2      | Reached XP level 5. HP: 33/34 MP: 5/5
  1650 | D:3      | Noticed letownia2's ghost (weakling FoAr)
  1665 | D:3      | Killed letownia2's ghost
  1988 | D:3      | Found a white marble altar of Elyvilon.
  1988 | D:3      | Found a shimmering altar of Xom.
  2166 | D:3      | Found a radiant altar of Vehumet.
  2365 | D:4      | Noticed an ogre
  2371 | D:4      | Mangled by an ogre

Skill      XL: |  1  2  3  4 |
---------------+-------------+-----
Maces & Flails | 3 4 |  4.9
Fighting       | 4 |  4.7
Armour         | |  3.2
Shields        | |  3.2

Action                   |  1- 3 |  4- 6 || total
-------------------------+-------+-------++-------
Melee: Flail             |   145 |   181 ||   326
  Eat: Chunk             |       |     5 ||     5
Armor: Scale mail        |    76 |    73 ||   149
Dodge: Dodged            |    61 |    40 ||   101
Block: Shield            |    86 |    43 ||   129
       Large shield      |       |    52 ||    52
